 Dungeon Crawl Stone Soup version 0.28-a0-472-g50180c0d78 (webtiles) character file.

Game seed: 9670068331059826650

107 DasRunzen the Stinger (level 4, -2/35 HPs)
             Began as a Demigod Venom Mage on Sept 15, 2021.
             Slain by an ogre (11 damage)
             ... on level 4 of the Dungeon.
             The game lasted 00:08:13 (2235 turns).

DasRunzen the Stinger (Demigod Venom Mage)          Turns: 2235, Time: 00:08:14

Health: -2/35      AC:  3    Str: 13    XL:     4   Next: 31%
Magic:  2/10       EV: 12    Int: 17    God:
Gold:   64         SH:  0    Dex: 14    Spells: 4/7 levels left

rFire   . . .      SeeInvis .   e - +2 short sword (venom)
rCold   . . .      Faith    .   (no shield)
rNeg    . . .      Spirit   .   a - +0 robe
rPois   .          Reflect  .   (no helmet)
rElec   .          Harm     .   (no cloak)
rCorr   .          Rampage  .   f - +0 pair of gloves
Will    .....                   (no boots)
Stlth   ++........              (no amulet)
HPRegen 0.11/turn               (no ring)
MPRegen 0.12/turn               (no ring)

@: about to teleport
A: high mp 1, forlorn, mutation resistance 1
a: no special abilities


You were on level 4 of the Dungeon.
You visited 1 branch of the dungeon, and saw 3 of its levels.

You collected 64 gold pieces.

Inventory:

Hand Weapons
 b - a +7 triple sword of electrocution
 e - a +2 short sword of venom (weapon)
Armour
 a - a +0 robe (worn)
 f - a +0 pair of gloves (worn)
Jewellery
 i - a ring of willpower
Potions
 h - a potion of attraction {unknown}


   Skills:
 + Level 1.3 Fighting
 + Level 0.6 Long Blades
 + Level 0.5 Armour
 + Level 2.3 Dodging
 - Level 1.7 Stealth
 + Level 2.3 Spellcasting
 + Level 1.6 Transmutations
 + Level 0.5 Air Magic
 + Level 3.1 Poison Magic


You had 4 spell levels left.
You knew the following spells:

 Your Spells              Type           Power      Damage    Failure   Level
a - Sting                 Tmut/Pois      40%        1d5       7%          1
b - Poisonous Vapours     Pois/Air       16%        N/A       13%         2

Your spell library contained the following spells:

 Spells                   Type           Power      Damage    Failure   Level
 Spider Form              Tmut/Pois      5%         N/A       22%         3
 Ensorcelled Hibernation  Hex/Ice        4%         N/A       28%         2
 Mephitic Cloud           Conj/Pois/Air  6%         N/A       34%         3
 Olgreb's Toxic Radiance  Pois           12%        N/A       45%         4


Dungeon Overview and Level Annotations

Branches:
Dungeon (2/15)

Shops:
D:2 (


Innate Abilities, Weirdness & Mutations

Your attributes grow dramatically as you level up.
You have an increased reservoir of magic. (+10% MP)
You shall have no god before yourself.
You are somewhat resistant to further mutation.


Message History

You closely miss the kobold. The kobold hits you with a +0 club.
You barely miss the kobold. The kobold hits you with a +0 club.
You hit the kobold.
The kobold is poisoned.
The kobold is moderately wounded.
The kobold hits you with a +0 club.
You hit the kobold.
You kill the kobold!
The ufetubus hits you but does no damage.
The ufetubus barely misses you.
You completely miss the ufetubus. The ufetubus closely misses you.
The ufetubus misses you. The ufetubus hits you. x2
You closely miss the ufetubus. The ufetubus hits you. x3
* * * LOW HITPOINT WARNING * * *
The ufetubus hits you.
* * * LOW HITPOINT WARNING * * *
Your magical contamination has completely faded away.
It was a potion of curing.
You feel better. The ufetubus hits you. x2
* * * LOW HITPOINT WARNING * * *
The ufetubus hits you.
* * * LOW HITPOINT WARNING * * *
The ufetubus barely misses you.
You see here 18 gold pieces.
As you read the scroll labelled HOEV FURUIPT, it crumbles to dust.
You speak a Word of immense power!
The ufetubus convulses!
You kill the ufetubus!
It was a scroll of holy word.
You feel better.
The endoplasm hits you but does no damage.
As you read the scroll labelled ESHEYC KEWYCUCW, it crumbles to dust.
You feel strangely unstable.
It was a scroll of teleportation.
The endoplasm freezes you.
You are frozen.
* * * LOW HITPOINT WARNING * * *
You hit the endoplasm.
The endoplasm is poisoned.
The endoplasm is almost dead.
You kill the endoplasm!
You hit the ogre.
The ogre is severely wounded.
The ogre hits you with a +0 giant club!
You die...

##. $? #.## . ...#..## .
..#...## .###.##..##
######### #...#K#...##
#........ #...##.##..##
#........ (......#g#...#
#........ .......##O##.#
#........
.###.....#@#.###†.......
####..###..##........
##.......)).......
#####.##...)#+##+###
#.........#)#.#
#.######.##.#.##
#..............#
#####.####.##### ####.#
#.#


You could see an ogre (very poisoned), a goblin and a kobold.

Vanquished Creatures
  Robin (D:4)
  3 adders
  An ufetubus (D:4)
  3 orcs (D:4)
  3 ball pythons (D:1)
  6 bats
  3 endoplasms
  3 giant cockroaches
  13 goblins
  A hobgoblin (D:1)
  3 jackals (D:4)
  4 quokkas (D:1)
  2 frilled lizards (D:2)
  7 kobolds
  3 rats (D:1)
56 creatures vanquished.

Notes
Turn   | Place    | Note
-------+----------+-------------------------------------------
     0 | D:1      | DasRunzen the Demigod Venom Mage began the quest for the
                  | Orb.
     0 | D:1      | Reached XP level 1. HP: 14/14 MP: 5/5
    84 | D:1      | Reached skill level 1 in Transmutations
   325 | D:1      | Reached XP level 2. HP: 22/22 MP: 2/7
  1152 | D:1      | Gained mutation: You are somewhat resistant to further
                  | mutation. [potion of mutation]
  1153 | D:1      | Identified a scroll of acquirement
  1153 | D:1      | Acquired a +7 triple sword of electrocution
  1208 | D:2      | Learned a level 2 spell: Poisonous Vapours
  1239 | D:2      | Reached skill level 1 in Fighting
  1239 | D:2      | Reached skill level 3 in Poison Magic
  1239 | D:2      | Reached XP level 3. HP: 28/28 MP: 1/8
  1886 | D:2      | Found Silu's Weapon Boutique.
  1889 | D:2      | You fall into a shaft and drop 2 floors!
  2018 | D:4      | Noticed Robin
  2032 | D:4      | Killed Robin
  2033 | D:4      | Reached XP level 4. HP: 22/35 MP: 8/10
  2212 | D:4      | Noticed an ogre
  2235 | D:4      | Slain by an ogre

Illustrated notes

Levels and vault maps discovered:
D:1:      dpeg_arrival_three_same_balls, layout_loops_ring, minivault_23,
          minmay_large_rounded_square, minmay_quantized
D:2:      layout_basic, shapermc_ecumenical_altar_ellora, serial_shops,
          nicolae_shop_stone
D:4:      layout_basic, xom_teletrap_fun, minmay_vboxes, uniq_robin

Skill      XL: |  1  2 |
---------------+-------+-----
Transmutations | 1 |  1.6
Dodging        | 2 |  2.3
Spellcasting   | 2 |  2.3
Fighting       | 1 |  1.3
Poison Magic   | 3 |  3.1
Long Blades    | |  0.6
Armour         | |  0.5
Stealth        | |  1.7
Air Magic      | |  0.5

Action                   |  1- 3 |  4- 6 || total
-------------------------+-------+-------++-------
Melee: Short sword       |    60 |    23 ||    83
       Spear             |     3 |       ||     3
       Unarmed           |     2 |       ||     2
 Cast: Sting             |    35 |     2 ||    37
       Poisonous Vapours |     5 |     6 ||    11
  Use: Scroll            |     4 |     2 ||     6
       Potion            |     1 |     2 ||     3
 Stab: Sleeping          |     3 |       ||     3
Armor: Robe              |    26 |     5 ||    31
Dodge: Dodged            |    49 |    14 ||    63

Table legend: (Time is in decaauts)
 A = Elapsed time spent in this place.
 B = Non-inter-level travel time spent in this place.
 C = Inter-level travel time spent in this place.
 D = Time resting spent in this place.
 E = Time spent auto-exploring this place.
 F = Levels seen in this place.
 G = Mean time per level.
                   A        B        C        D        E       F      G
               +--------+--------+--------+--------+--------+-----+--------+
         Total |   2241 |   2211 |     30 |    382 |   1442 |   3 |  747.0 |
       Dungeon |   2241 |   2211 |     30 |    382 |   1442 |   3 |  747.0 |
               +--------+--------+--------+--------+--------+-----+--------+

Top non-repeatable levels by time:
     D:1: 1187 daAuts
     D:2: 704 daAuts
     D:4: 349 daAuts
